 Dungeon Crawl Stone Soup version 0.29-a0-82-g837932c90e (webtiles) character file.

Game seed: 6246329712403158060

6821 robertstho the Grappler (level 10, -2/98 HPs)
             Began as a Troll Delver on Feb 3, 2022.
             Was a Follower of Qazlal.
             Slain by a warg (7 damage)
             ... on level 9 of the Dungeon on Feb 4, 2022.
             The game lasted 00:14:59 (8325 turns).

robertstho the Grappler (Troll Delver)              Turns: 8325, Time: 00:14:59

Health: -2/98      AC:  7    Str: 25 (26) XL:     10   Next: 77%
Magic:  11/11      EV: 10    Int:  4 (6)  God:    Qazlal [*.....]
Gold:   473        SH:  2    Dex:  8 (11) Spells: 9/9 levels left

rFire   . . .      SeeInvis .   A - +0 scimitar (flame)
rCold   + . .      Faith    .   (no shield)
rNeg    . . .      Spirit   .   F - +0 steam dragon scales
rPois   .          Reflect  .   (helmet restricted)
rElec   .          Harm     .   l - scarf {repulsion}
rCorr   .          Rampage  .   (gloves unavailable)
Will    +....                   (boots unavailable)
Stlth   ++........              g - amulet of the acrobat
HPRegen 1.06/turn               v - ring of willpower
MPRegen 0.12/turn               y - ring of protection from cold

@: mighty, invisible, repel missiles
A: large, unfitting armour, claws 3, regeneration 1, shaggy fur 1, tough skin 1
a: Renounce Religion


You were on level 9 of the Dungeon.
You worshipped Qazlal.
Qazlal was aware of your devotion.
You visited 2 branches of the dungeon, and saw 10 of its levels.

You collected 473 gold pieces.

Inventory:

Hand Weapons
 A - a +0 scimitar of flaming (weapon)
Missiles
 c - 3 large rocks
 r - 7 throwing nets (quivered)
Armour
 a - a +0 robe of resistance
 l - a scarf of repulsion (worn)
 B - a +2 robe of positive energy
 F - +0 steam dragon scales (worn)
Jewellery
 g - an amulet of the acrobat (around neck)
 u - an amulet of magic regeneration
 v - a ring of willpower (left claw)
 y - a ring of protection from cold (right claw)
Wands
 f - a wand of digging (6)
 t - a wand of polymorph (11)
 w - a wand of iceblast (2)
 z - a wand of paralysis (10)
Scrolls
 b - 3 scrolls of fog
 d - a scroll of fear
 e - 2 scrolls of noise {unknown}
 h - 2 scrolls of amnesia {unknown}
 p - a scroll of summoning
 s - 3 scrolls of teleportation {unknown}
 x - 2 scrolls of magic mapping
 C - a scroll of brand weapon {unknown}
 D - a scroll of immolation {unknown}
 H - a scroll of enchant weapon {unknown}
Potions
 j - 3 potions of degeneration
 k - 2 potions of heal wounds {unknown}
 m - a potion of ambrosia {unknown}
 n - a potion of resistance
 o - a potion of flight {unknown}
 E - a potion of brilliance


   Skills:
 * Level 6.0 Fighting
 + Level 3.0 Long Blades
 + Level 5.0 Dodging
 - Level 2.7 Stealth
 + Level 0.4 Shields
 + Level 11.4 Unarmed Combat
 * Level 3.5 Invocations
 * Level 4.5 Evocations


You had 9 spell levels left.
You didn't know any spells.
Your spell library contained the following spells:

 Spells                   Type           Power      Damage    Failure   Level
 Magic Dart               Conj           0%         1d3       50%         1
 Call Imp                 Summ           0%         N/A       65%         2
 Corpse Rot               Necr/Air       0%         N/A       65%         2
 Poisonous Vapours        Pois/Air       0%         N/A       65%         2
 Confusing Touch          Hex            0%         N/A       86%         3
 Mephitic Cloud           Conj/Pois/Air  0%         N/A       86%         3
 Ozocubu's Armour         Ice            0%         N/A       86%         3
 Stone Arrow              Conj/Erth      0%         3d7       86%         3
 Animate Armour           Summ/Erth      0%         N/A       99%         4
 Yara's Violent Unravell  Hex/Tmut       0%         3d3       100%        5
 Enfeeble                 Hex            0%         N/A       100%        7
 Ozocubu's Refrigeration  Ice            0%         4d5       100%        7
 Lehudib's Crystal Spear  Conj/Erth      0%         10d2      100%        8


Dungeon Overview and Level Annotations

Branches:
Dungeon (9/15)             Temple (1/1) D:6
   Lair: D:8-11         Orc: D:9-12

Altars:
Ashenzari
Cheibriados
Dithmenos
Elyvilon
Fedhas
Gozag
Hepliaklqana
Kikubaaqudgha
Makhleb
Nemelex Xobeh
Okawaru
Qazlal
Ru
Sif Muna
Trog
Uskayaw
Vehumet
Wu Jian
Xom
Yredelemnul
Zin
The Shining One

Annotations:
D:6 1 runed translucent door, Pin's ghost, novice HOFi


Innate Abilities, Weirdness & Mutations

You are too large for most types of armour.
You have claws for hands.
Your natural rate of healing is unusually fast.
You are covered in fur. (AC +1)
You have tough skin. (AC +1)


Message History

The orc completely misses you. You block the warg's attack.
The orc priest closely misses you. The orc completely misses you.
The warg completely misses you.
The orc priest invokes the aid of Beogh against you.
You easily resist.
The warg completely misses you. The orc misses you.
You feel yourself speed up. The warg closely misses you.
You feel better.
The warg pauses to sniff the ground.
The warg bites you.
* * * LOW HITPOINT WARNING * * *
You block the warg's attack.
It was a potion of degeneration.
There was something very wrong with that liquid.
You feel weakened.
You feel dopey.
You feel clumsy. The warg bites you but does no damage.
It was a potion of invisibility.
You fade into invisibility!
The warg barely misses you.
Aiming: Paralyse
Press: ? - help, Shift-Dir - straight line, f - warg
Aim: a warg (chance to affect: 42%)
The warg resists with some effort.
The warg bites you!
* * * LOW HITPOINT WARNING * * *
You closely miss the warg. The warg bites you.
* * * LOW HITPOINT WARNING * * *
The warg closely misses you.
You barely miss the warg. The warg bites you.
* * * LOW HITPOINT WARNING * * *
The warg barely misses you.
You hit the warg. You burn the warg.
The warg is moderately wounded.
The warg bites you!
* * * LOW HITPOINT WARNING * * *
You closely miss the warg.
The warg is moderately wounded.
The warg bites you.
* * * LOW HITPOINT WARNING * * *
The warg bites you!
You die...

.....≈.. ....≈≈.. ....
≈≈≈≈≈... #... .....( #....
..#.## .... ..##.# #.8.#
.###.# ##...## ..#..#
##.#...###### .....#
###.#...§@hoo.##
....####...##...##o...#######
...#...........###...........
........................^....
....................).......#
.....................>.......
......)).....................
...>...#'''#.................
....#.##...##..###...........


You could see a warg, an orc priest and 2 orcs.

Vanquished Creatures
  Harold (D:7)
  Erica (D:8)
  The ghost of bande the Chopper, a novice GrFi of Okawaru (D:8)
  Joseph (D:7)
  5 yaks (D:8)
  Sigmund (D:3)
  2 wraiths
  Grum (D:8)
  Eustachio (D:4)
  3 steam dragons
  An acid dragon (D:9)
  Duvessa (D:5)
  2 orc warriors (D:6)
  An ice beast (D:4)
  2 ogres (D:5)
  5 wolves (D:8)
  2 centaurs
  Blork the orc (D:6)
  A gnoll sergeant (D:9)
  A bullfrog (D:6)
  Dowan (D:5)
  6 killer bees (D:8)
  5 wights
  3 howler monkeys (D:7)
  2 bullfrog zombies
  2 centaur zombies
  Crazy Yiuf (D:2)
  2 gnoll shamans
  5 orc priests
  A bullfrog skeleton (D:5)
  2 hounds
  2 iguanas (D:7)
  2 orc wizards
  Ijyb (D:3)
  28 gnolls
  8 adders
  A river rat (D:5)
  An ufetubus (D:6)
  3 worms (D:5)
  12 orcs
  9 ball pythons
  3 bats
  3 endoplasms
  11 goblins
  4 hobgoblins
  5 jackals
  7 quokkas
  2 frilled lizards
  7 kobolds
  6 rats
179 creatures vanquished.

Vanquished Creatures (others)
  A jackal (D:9)
  8 plants (D:3)
9 creatures vanquished.

Grand Total: 188 creatures vanquished

Notes
Turn   | Place    | Note
-------+----------+-------------------------------------------
     0 | D:5      | robertstho the Troll Delver began the quest for the Orb.
     0 | D:5      | Reached XP level 1. HP: 22/22 MP: 0/0
    20 | D:5      | Noticed an ogre
    43 | D:5      | Noticed an ogre
    78 | D:5      | Noticed Dowan
    80 | D:5      | Noticed Duvessa
    84 | D:4      | Noticed Eustachio
   147 | D:4      | Reached XP level 2. HP: 28/29 MP: 1/1
   187 | D:4      | Noticed an ice beast
   321 | D:3      | Noticed Ijyb
   323 | D:3      | You fall into a shaft and drop 1 floor!
   328 | D:4      | Reached skill level 1 in Evocations
   328 | D:4      | Reached XP level 3. HP: 36/36 MP: 2/2
   374 | D:4      | Killed Eustachio
   374 | D:4      | HP: 2/54 [poisoned by Eustachio]
   375 | D:4      | Reached skill level 3 in Unarmed Combat
   375 | D:4      | Reached XP level 4. HP: 3/45 MP: 3/3
   375 | D:4      | Reached XP level 5. HP: 4/53 MP: 4/4
   379 | D:4      | HP: 1/53 [poisoned by Eustachio]
  1218 | D:1      | Found a faded altar of an unknown god.
  1791 | D:2      | Found a runed translucent door.
  1792 | D:2      | Noticed Crazy Yiuf
  1845 | D:2      | Reached skill level 4 in Unarmed Combat
  2311 | D:2      | Killed Crazy Yiuf
  2312 | D:2      | Reached XP level 6. HP: 35/61 MP: 5/5
  2451 | D:3      | Noticed Sigmund
  2461 | D:3      | Killed Sigmund
  2462 | D:3      | Reached skill level 5 in Unarmed Combat
  2476 | D:3      | Killed Ijyb
  3277 | D:4      | Killed an ice beast
  3278 | D:4      | Reached XP level 7. HP: 67/67 MP: 6/6
  3707 | D:5      | Reached skill level 6 in Unarmed Combat
  3792 | D:5      | Killed Duvessa
  4103 | D:5      | Killed Dowan
  4104 | D:5      | Reached skill level 7 in Unarmed Combat
  4180 | D:5      | Reached XP level 8. HP: 63/78 MP: 7/7
  4242 | D:5      | Found a sacrificial altar of Ru.
  4510 | D:6      | Reached skill level 8 in Unarmed Combat
  4956 | D:6      | Found a staircase to the Ecumenical Temple.
  4960 | D:6      | Noticed Blork the orc
  4964 | D:6      | Killed Blork the orc
  4980 | Temple   | Entered the Ecumenical Temple
  5234 | Temple   | Became a worshipper of Qazlal Stormbringer
  5270 | D:6      | Found a runed translucent door.
  5275 | D:6      | Reached skill level 9 in Unarmed Combat
  5427 | D:6      | Reached XP level 9. HP: 85/85 MP: 8/8
  5477 | D:6      | Noticed Pin's ghost (novice HOFi)
  5764 | D:7      | Reached skill level 1 in Invocations
  5857 | D:7      | Noticed Joseph
  5873 | D:7      | Killed Joseph
  5874 | D:7      | Reached skill level 10 in Unarmed Combat
  6361 | D:7      | Noticed Harold
  6380 | D:7      | Killed Harold
  6580 | D:8      | Noticed Erica
  6587 | D:8      | Killed Erica
  6588 | D:8      | Reached skill level 5 in Fighting
  6588 | D:8      | Reached skill level 11 in Unarmed Combat
  6588 | D:8      | Reached XP level 10. HP: 71/96 MP: 10/10
  6825 | D:8      | Noticed Grum
  6848 | D:8      | Killed Grum
  6848 | D:8      | Reached * piety under Qazlal
  6934 | D:8      | Found a runed translucent gate.
  6934 | D:8      | Found a runed translucent gate.
  6934 | D:8      | Found a runed translucent gate.
  6935 | D:8      | Noticed bande's ghost (novice GrFi)
  7052 | D:8      | Reached skill level 1 in Long Blades
  7667 | D:8      | Upgraded the game from 0.29-a0-72-g1732ff48e7 to
                  | 0.29-a0-82-g837932c90e
  7732 | D:8      | Killed bande's ghost
  8306 | D:9      | Reached skill level 5 in Dodging
  8325 | D:9      | Slain by a warg

Illustrated notes

Levels and vault maps discovered:
D:1:      lightli_arrival_lavapool, layout_basic,
          hellmonk_ecumenical_altar_heavens_door, serial_bayou_pond_a,
          serial_bayou_crossing
D:2:      layout_loops_corners, minmay_randomly_rotated_circles,
          uniq_crazy_yiuf_cottage
D:3:      layout_basic, amethyst_killhole, nicolae_grassy_gnolls, uniq_ijyb,
          uniq_sigmund
D:4:      layout_basic, uniq_eustachio
D:5:      layout_cave_pools, mainiacjoe_overflow_six_doors_small,
          gup_sewer_entry_spiral, uniq_duvessa
D:6:      layout_cave_pods, minmay_temple_entry_mini_moons,
          ebering_ghost_sewer_d, uniq_blork_the_orc
D:7:      layout_loops_ring, serial_park_tiny_1, uniq_joseph, uniq_harold
D:8:      layout_gridville, ebering_ghost_rock_garden, uniq_erica, uniq_grum
D:9:      layout_big_octagon, david_orc_3, serial_gnoll_camp, grums_kennel,
          gnoll_camp_mini_doghouse, gnoll_camp_huts_moat, gnoll_camp_medium_01,
          gnoll_camp_medium_02
Temple:   mainiacjoe_temple_archimedes_tessellation

Skill      XL: |  1  2  3  4  5  6  7  8  9 10 |
---------------+-------------------------------+-----
Evocations     | 1 2 3 4 |  4.5
Fighting       | 3 4 5 6 |  6.0
Dodging        | 2 3 4 5 |  5.0
Unarmed Combat | 3 4 5 7 9 11 | 11.4
Invocations    | 2 3 |  3.5
Long Blades    | 3 |  3.0
Stealth        | |  2.7
Shields        | |  0.4

Action                   |  1- 3 |  4- 6 |  7- 9 | 10-12 || total
-------------------------+-------+-------+-------+-------++-------
Melee: Unarmed           |    36 |   160 |   224 |       ||   420
       Punch             |       |     2 |     8 |    18 ||    28
       Scimitar          |       |       |       |   203 ||   203
Throw: Throwing net      |       |       |       |     1 ||     1
Evoke: Wand              |       |       |       |     8 ||     8
  Use: Potion            |     2 |       |     5 |     7 ||    14
       Scroll            |     1 |     1 |     4 |       ||     6
 Stab: Sleeping          |     3 |     8 |     5 |       ||    16
       Distracted        |       |     1 |     2 |       ||     3
Armor: Robe              |    13 |    43 |    20 |    23 ||    99
       Steam dragon scal |       |       |       |    60 ||    60
Dodge: Dodged            |    26 |   101 |   122 |   269 ||   518
       Repelled          |       |       |     3 |     4 ||     7
Block: Other             |       |       |       |    15 ||    15

Table legend: (Time is in decaauts)
 A = Elapsed time spent in this place.
 B = Non-inter-level travel time spent in this place.
 C = Inter-level travel time spent in this place.
 D = Time resting spent in this place.
 E = Time spent auto-exploring this place.
 F = Levels seen in this place.
 G = Mean time per level.
                   A        B        C        D        E       F      G
               +--------+--------+--------+--------+--------+-----+--------+
         Total |   8353 |   7763 |    590 |    427 |   5460 |  10 |  835.3 |
       Dungeon |   8086 |   7538 |    548 |    427 |   5253 |   9 |  898.4 |
        Temple |    266 |    224 |     42 |      0 |    207 |   1 |  266.0 |
               +--------+--------+--------+--------+--------+-----+--------+

Top non-repeatable levels by time:
     D:8: 1387 daAuts
     D:2: 1028 daAuts
     D:6: 988 daAuts
     D:4: 987 daAuts
     D:7: 925 daAuts
     D:3: 846 daAuts
     D:5: 811 daAuts
     D:1: 738 daAuts
     D:9: 371 daAuts
  Temple: 266 daAuts
